Hurricanes vs Avalanche

Created - 12 octobre 2017 at 20:08

Goals
1 2 3 T
Hurricanes 0 1 1 2
Avalanche 0 3 2 5
Shots
1 2 3 T
Hurricanes 12 11 17 40
Avalanche 3 17 13 33

1st period

No Goal

Penalties :
Anthony Bitetto (CAR) for Roughing (Minor) at 18:42

2nd period

1. Avalanche , Tomas Hertl 1 (Kevin Shattenkirk 3, Dylan Larkin 1) at 1:52
2. Avalanche , Jeff Skinner 2 (Martin Hanzal 2) at 5:56
3. Hurricanes , Brian Dumoulin 2 (Zach Parise 1, Brett Pesce 2) at 8:59 (PP)
4. Avalanche , Derek Stepan 1 (Kevin Shattenkirk 4, Alexander Steen 1) at 12:59

Penalties :
Patrick Wiercioch (CAR) for Slashing (Minor) at 6:16, Brandon Carlo (COL) for Tripping (Minor) at 8:29, Derek Stepan (COL) for Holding (Minor) at 16:57

3rd period

5. Hurricanes , Jon Merrill 1 (Bryan Little 2, Nick Foligno 3) at 3:54
6. Avalanche , Brandon Carlo 1 (Alexander Steen 2, Mats Zuccarello 3) at 15:53
7. Avalanche , Brandon Carlo 2 (Mats Zuccarello 4, Alexander Steen 3) at 19:24

Penalties :
Sami Vatanen (COL) for Hooking (Minor) at 1:09, Martin Hanzal (COL) for Hooking (Minor) at 7:03, Keith Yandle (CAR) for Elbowing (Minor) at 11:31

Goalie Stats

Frederik Andersen (CAR), 28 saves from 33 shots - (0.848), L, 2-2-0, 60:00 minutes
Jimmy Howard (COL), 38 saves from 40 shots - (0.950), W, 1-0-0, 60:00 minutes

Players Stats for Hurricanes

Player Name              G  A  P  +/- PIM S  H  SB GA TA FO     MP     PP MP  PK MP  
------------------------------------------------------------------------------------
Alex Chiasson            0  0  0  -1  0   0  0  0  0  0  0/0    15:09   0:00   0:00 
Anthony Bitetto          0  0  0  -2  2   0  3  2  0  0  0/0    14:50   0:21   0:42 
Brad Richardson          0  0  0  -1  0   0  2  1  0  0  0/1    15:09   0:00   0:00 
Brett Pesce              0  1  1  -2  0   1  0  3  0  0  0/0    23:02   3:01   2:43 
Brian Dumoulin           1  0  1  -2  0   4  0  3  0  0  0/0    21:36   3:01   2:59 
Bryan Little             0  1  1   1  0   7  0  0  0  0  24/47  24:44   3:26   4:05 
Carl Hagelin             0  0  0   0  0   0  0  0  0  0  0/0     0:30   0:00   0:30 
Derek Ryan               0  0  0  -1  0   2  1  0  0  0  5/15   15:39   0:00   0:30 
Jon Merrill              1  0  1   0  0   1  2  2  0  0  0/0    20:05   0:00   3:26 
Keith Yandle             0  0  0   0  2   4  1  0  0  0  0/0    23:47   3:26   2:04 
Lee Stempniak            0  0  0  -4  0   5  2  0  0  0  1/2    18:15   3:01   0:00 
Leo Komarov              0  0  0  -4  0   5  1  1  0  0  14/26  19:37   3:01   1:22 
Marcus Foligno           0  0  0   0  0   2  3  0  0  0  0/0     2:51   0:00   0:00 
Michael Frolik           0  0  0   1  0   4  2  0  0  0  0/1    17:48   3:26   0:00 
Nick Foligno             0  1  1   1  0   2  7  1  0  0  1/2    24:44   3:26   4:05 
Patrick Wiercioch        0  0  0  -2  2   0  3  3  0  0  0/0    16:37   3:05   0:00 
Tom Pyatt                0  0  0   0  0   0  0  0  0  0  0/0     0:00   0:00   0:00 
Zach Parise              0  1  1  -4  0   3  0  0  0  0  1/1    19:37   3:01   1:22 

Players Stats for Avalanche

Player Name              G  A  P  +/- PIM S  H  SB GA TA FO     MP     PP MP  PK MP  
------------------------------------------------------------------------------------
Alexander Steen          0  3  3   2  0   2  3  0  0  0  2/2    23:51   4:08   4:03 
Alexandre Burrows        0  0  0   0  0   1  0  0  0  0  0/0     6:05   0:00   1:40 
Brandon Carlo            2  0  2   2  2   3  1  3  0  0  0/0    22:22   0:00   2:36 
Chris Tierney            0  0  0   0  0   0  0  0  0  0  5/13    8:56   0:00   4:31 
Derek Stepan             1  0  1   2  2   2  0  0  0  0  15/32  19:47   4:08   0:00 
Deryk Engelland          0  0  0   2  0   1  1  0  0  0  0/0    18:14   0:00   3:42 
Dylan Larkin             0  1  1   1  0   0  1  0  0  0  0/0    10:31   0:00   0:00 
Jaccob Slavin            0  0  0   2  0   0  0  2  0  0  0/0    25:55   2:53   3:15 
Jeff Skinner             1  0  1   1  0   7  0  0  0  0  1/1    18:51   1:49   0:02 
Kevin Shattenkirk        0  2  2   2  0   1  0  1  0  0  0/0    18:01   2:53   0:36 
Martin Hanzal            0  1  1   1  2   1  1  0  0  0  11/23  18:48   1:49   0:00 
Mats Zuccarello          0  2  2   2  0   6  1  0  0  0  0/0    19:48   4:08   0:00 
Matt Cullen              0  0  0   0  0   1  0  0  0  0  5/5     4:25   0:00   0:00 
Max Domi                 0  0  0   1  0   0  0  0  0  0  1/2    11:29   0:00   0:58 
Mitch Marner             0  0  0   1  0   1  0  0  0  0  1/2    18:49   1:49   0:00 
Sami Vatanen             0  0  0   0  2   1  2  2  0  0  0/0    16:20   3:04   0:00 
Tomas Hertl              1  0  1   1  0   4  1  0  0  0  8/15   12:11   0:00   1:40 
Zach Werenski            0  0  0   0  0   2  1  2  0  0  0/0    19:06   3:04   2:45 

3 Stars

1 - Alexander Steen (COL)
2 - Brandon Carlo (COL)
3 - Jimmy Howard (COL)

Power Play

Hurricanes - 1 on 4 Attempt(s) - 25.00%
Avalanche - 0 on 3 Attempt(s) - 0.00%

Penalty Kill

Hurricanes - 3 on 3 Attempt(s) - 100.00% - Score 0 goal in Penalty Kill
Avalanche - 3 on 4 Attempt(s) - 75.00% - Score 0 goal in Penalty Kill

Team Stat

Hurricanes - Hits : 27 - Faceoff Wins : 46 - Blocked Shots : 16 - Penalty Minutes : 6
Avalanche - Hits : 12 - Faceoff Wins : 49 - Blocked Shots : 10 - Penalty Minutes : 8

Official

Referees : Kendrick Nicholson and Jacob Brenk
Linesman : Mike Cvik and Tony Sericolo

Game Notes

No Game Note

Finance

Level 1 -- Attendance: 6396 (98.40%) -- Ticket Income 652 392 $
Level 2 -- Attendance: 4497 (89.94%) -- Ticket Income 337 275 $
Level 3 -- Attendance: 3390 (96.86%) -- Ticket Income 186 450 $
Level 4 -- Attendance: 2007 (100.00%) -- Ticket Income 90 315 $
Luxury Box -- Attendance: 945 (94.50%) -- Ticket Income 189 000 $
Game was played at the Pepsi Center.
Total Attendance: 17235 (95.71%)
Total Ticket Income: 1 455 432 $
Other Income: 218 315 $
Total Income: 1 673 747 $

% Time on Ice - Hurricanes

Lines # - Real PCT - Wanted PCT - Time Play
Normal Forward
1 - 30% - 40% - 14:22
2 - 32% - 30% - 15:14
3 - 32% - 20% - 15:09
4 - 6% - 10% - 2:51
Normal Defense
1 - 35% - 40% - 16:45
2 - 30% - 30% - 14:05
3 - 28% - 20% - 13:33
4 - 7% - 10% - 3:13
PP Forward
1 - 53% - 60% - 3:26
2 - 47% - 40% - 3:01
PP Defense
1 - 53% - 60% - 3:26
2 - 47% - 40% - 3:01
PK Forward
1 - 77% - 60% - 4:35
2 - 23% - 40% - 1:22
PK Defense
1 - 58% - 60% - 3:26
2 - 42% - 40% - 2:31
PK3 Forward
1 - 0% - 60%
2 - 0% - 40%
PK3 Defense
1 - 0% - 60%
2 - 0% - 40%
44 Forward
1 - 0% - 60%
2 - 0% - 40%
44 Defense
1 - 0% - 60%
2 - 0% - 40%
Last Minute Offensive  - 0:00
Last Minute Defensive  - 0:00
Total
Forward - 60:00
Defense - 60:00

% Time on Ice - Avalanche

Lines # - Real PCT - Wanted PCT - Time Play
Normal Forward
1 - 33% - 35% - 15:40
2 - 36% - 35% - 17:00
3 - 22% - 20% - 10:31
4 - 9% - 10% - 4:25
Normal Defense
1 - 38% - 40% - 17:52
2 - 31% - 30% - 14:32
3 - 28% - 20% - 13:17
4 - 4% - 10% - 1:55
PP Forward
1 - 69% - 60% - 4:08
2 - 31% - 40% - 1:49
PP Defense
1 - 52% - 60% - 3:04
2 - 48% - 40% - 2:53
PK Forward
1 - 74% - 60% - 4:47
2 - 26% - 40% - 1:40
PK Defense
1 - 57% - 60% - 3:42
2 - 43% - 40% - 2:45
PK3 Forward
1 - 0% - 60%
2 - 0% - 40%
PK3 Defense
1 - 0% - 60%
2 - 0% - 40%
44 Forward
1 - 0% - 60%
2 - 0% - 40%
44 Defense
1 - 0% - 60%
2 - 0% - 40%
Last Minute Offensive  - 0:00
Last Minute Defensive  - 0:00
Total
Forward - 60:00
Defense - 60:00

Play by Play

1st period


0:01 of 1st period - Bryan Little wins face-off versus Derek Stepan in neutral zone.
0:36 of 1st period - Shot by Bryan Little.
0:36 of 1st period - Stopped by Jimmy Howard with a rebound.
0:59 of 1st period - Icing by Leo Komarov.
1:00 of 1st period - Martin Hanzal wins face-off versus Lee Stempniak in Hurricanes zone.
1:06 of 1st period - Icing by Zach Parise.
1:07 of 1st period - Martin Hanzal wins face-off versus Leo Komarov in Hurricanes zone.
1:10 of 1st period - Shot by Jeff Skinner.
1:10 of 1st period - Shot Blocked by Brian Dumoulin.
1:19 of 1st period - Shot by Mitch Marner.
1:19 of 1st period - Stopped by Frederik Andersen without a rebound.
1:20 of 1st period - Max Domi wins face-off versus Derek Ryan in Hurricanes zone.
1:24 of 1st period - Max Domi is hit by Anthony Bitetto and loses puck.
1:28 of 1st period - Icing by Patrick Wiercioch.
1:29 of 1st period - Matt Cullen wins face-off versus Derek Ryan in Hurricanes zone.
1:54 of 1st period - Sami Vatanen is hit by Brad Richardson and loses puck.
2:46 of 1st period - Shot by Nick Foligno.
2:46 of 1st period - Stopped by Jimmy Howard without a rebound.
2:47 of 1st period - Tomas Hertl wins face-off versus Leo Komarov in Avalanche zone.
3:06 of 1st period - Shot by Lee Stempniak.
3:06 of 1st period - Shot Misses the Net.
3:45 of 1st period - Shot by Mats Zuccarello.
3:45 of 1st period - Stopped by Frederik Andersen without a rebound.
3:46 of 1st period - Bryan Little wins face-off versus Martin Hanzal in Hurricanes zone.
3:48 of 1st period - Icing by Nick Foligno.
3:49 of 1st period - Bryan Little wins face-off versus Martin Hanzal in Hurricanes zone.
3:49 of 1st period - Bryan Little is hit by Martin Hanzal.
3:54 of 1st period - Off-side.
3:55 of 1st period - Bryan Little wins face-off versus Martin Hanzal in neutral zone.
4:02 of 1st period - Shot by Michael Frolik.
4:02 of 1st period - Stopped by Jimmy Howard without a rebound.
4:03 of 1st period - Bryan Little wins face-off versus Derek Stepan in Avalanche zone.
4:04 of 1st period - Shot by Michael Frolik.
4:04 of 1st period - Shot Misses the Net.
4:09 of 1st period - Icing by Brandon Carlo.
4:10 of 1st period - Derek Stepan wins face-off versus Bryan Little in Avalanche zone.
4:10 of 1st period - Derek Stepan is hit by Michael Frolik.
4:18 of 1st period - Michael Frolik is hit by Mats Zuccarello and loses puck.
6:56 of 1st period - Shot by Nick Foligno.
6:56 of 1st period - Shot Blocked by Brandon Carlo.
8:21 of 1st period - Icing by Brett Pesce.
8:22 of 1st period - Martin Hanzal wins face-off versus Leo Komarov in Hurricanes zone.
8:23 of 1st period - Shot by Mitch Marner.
8:23 of 1st period - Shot Blocked by Leo Komarov.
8:42 of 1st period - Shot by Leo Komarov.
8:42 of 1st period - Stopped by Jimmy Howard without a rebound.
8:43 of 1st period - Tomas Hertl wins face-off versus Leo Komarov in Avalanche zone.
9:17 of 1st period - Shot by Dylan Larkin.
9:17 of 1st period - Shot Blocked by Brett Pesce.
9:39 of 1st period - Shot by Marcus Foligno.
9:39 of 1st period - Stopped by Jimmy Howard without a rebound.
9:40 of 1st period - Derek Stepan wins face-off versus Bryan Little in Avalanche zone.
9:40 of 1st period - Derek Stepan is hit by Marcus Foligno.
9:46 of 1st period - Shot by Mats Zuccarello.
9:46 of 1st period - Stopped by Frederik Andersen without a rebound.
9:47 of 1st period - Bryan Little wins face-off versus Martin Hanzal in Hurricanes zone.
10:29 of 1st period - Icing by Nick Foligno.
10:30 of 1st period - Bryan Little wins face-off versus Derek Stepan in Hurricanes zone.
10:30 of 1st period - Bryan Little is hit by Alexander Steen.
10:59 of 1st period - Icing by Jaccob Slavin.
11:00 of 1st period - Leo Komarov wins face-off versus Derek Stepan in Avalanche zone.
11:01 of 1st period - Shot by Zach Parise.
11:01 of 1st period - Deflect By Leo Komarov.
11:01 of 1st period - Stopped by Jimmy Howard without a rebound.
11:02 of 1st period - Martin Hanzal wins face-off versus Leo Komarov in Avalanche zone.
11:22 of 1st period - Sami Vatanen is hit by Lee Stempniak and loses puck.
12:35 of 1st period - Shot by Nick Foligno.
12:35 of 1st period - Stopped by Jimmy Howard without a rebound.
12:36 of 1st period - Derek Stepan wins face-off versus Bryan Little in Avalanche zone.
12:36 of 1st period - Derek Stepan is hit by Nick Foligno.
12:43 of 1st period - Mats Zuccarello is hit by Anthony Bitetto and loses puck.
12:47 of 1st period - Icing by Anthony Bitetto.
12:48 of 1st period - Tomas Hertl wins face-off versus Bryan Little in Hurricanes zone.
13:09 of 1st period - Shot by Bryan Little.
13:09 of 1st period - Stopped by Jimmy Howard without a rebound.
13:10 of 1st period - Leo Komarov wins face-off versus Derek Stepan in Avalanche zone.
13:19 of 1st period - Shot by Leo Komarov.
13:19 of 1st period - Stopped by Jimmy Howard with a rebound.
13:21 of 1st period - Shot by Brian Dumoulin.
13:21 of 1st period - Stopped by Jimmy Howard without a rebound.
13:22 of 1st period - Matt Cullen wins face-off versus Derek Ryan in Avalanche zone.
15:26 of 1st period - Off-side.
15:27 of 1st period - Jeff Skinner wins face-off versus Derek Ryan in neutral zone.
15:42 of 1st period - Sami Vatanen is hit by Brad Richardson and loses puck.
15:57 of 1st period - Shot by Jeff Skinner.
15:57 of 1st period - Shot Misses the Net.
16:34 of 1st period - Max Domi is hit by Marcus Foligno.
16:36 of 1st period - Shot by Dylan Larkin.
16:36 of 1st period - Shot Misses the Net.
16:38 of 1st period - Shot by Brandon Carlo.
16:38 of 1st period - Shot Blocked by Brett Pesce.
17:04 of 1st period - Brett Pesce is hit by Alexander Steen.
17:30 of 1st period - Icing by Deryk Engelland.
17:31 of 1st period - Leo Komarov wins face-off versus Derek Stepan in Avalanche zone.
17:34 of 1st period - Shot by Lee Stempniak.
17:34 of 1st period - Stopped by Jimmy Howard without a rebound.
17:35 of 1st period - Martin Hanzal wins face-off versus Leo Komarov in Avalanche zone.
17:50 of 1st period - Shot by Jeff Skinner.
17:50 of 1st period - Shot Blocked by Patrick Wiercioch.
18:00 of 1st period - Shot by Jeff Skinner.
18:00 of 1st period - Shot Blocked by Anthony Bitetto.
18:14 of 1st period - Martin Hanzal is hit by Patrick Wiercioch and loses puck.
18:42 of 1st period - Minor Penalty to Anthony Bitetto for Roughing.
18:43 of 1st period - Alexander Steen wins face-off versus Bryan Little in Hurricanes zone.
19:10 of 1st period - Shot by Kevin Shattenkirk.
19:10 of 1st period - Shot Blocked by Nick Foligno.
19:21 of 1st period - Derek Stepan is hit by Jon Merrill and loses puck.
19:50 of 1st period - Shot by Derek Ryan.
19:50 of 1st period - Stopped by Jimmy Howard with a rebound.
Goals for this period are 0 for Hurricanes vs 0 for Avalanche.
Shots for this period are 12 for Hurricanes vs 3 for Avalanche.

2nd period


0:01 of 2nd period - Bryan Little wins face-off versus Derek Stepan in neutral zone.
0:22 of 2nd period - Icing by Derek Stepan.
0:23 of 2nd period - Bryan Little wins face-off versus Derek Stepan in Avalanche zone.
1:52 of 2nd period - Shot by Tomas Hertl.
1:52 of 2nd period - Goal by Tomas Hertl - Hurricanes : 0 - Avalanche : 1.
1:53 of 2nd period - Derek Stepan wins face-off versus Bryan Little in neutral zone.
1:53 of 2nd period - Derek Stepan is hit by Nick Foligno.
2:25 of 2nd period - Shot by Bryan Little.
2:25 of 2nd period - Stopped by Jimmy Howard without a rebound.
2:26 of 2nd period - Lee Stempniak wins face-off versus Tomas Hertl in Avalanche zone.
2:26 of 2nd period - Zach Parise is hit by Deryk Engelland and loses puck.
2:45 of 2nd period - Shot by Lee Stempniak.
2:45 of 2nd period - Stopped by Jimmy Howard without a rebound.
2:46 of 2nd period - Derek Ryan wins face-off versus Mitch Marner in Avalanche zone.
3:00 of 2nd period - Shot by Martin Hanzal.
3:00 of 2nd period - Shot Blocked by Brad Richardson.
3:04 of 2nd period - Shot by Jeff Skinner.
3:04 of 2nd period - Stopped by Frederik Andersen without a rebound.
3:05 of 2nd period - Derek Stepan wins face-off versus Bryan Little in Hurricanes zone.
3:24 of 2nd period - Shot by Michael Frolik.
3:24 of 2nd period - Stopped by Jimmy Howard without a rebound.
3:25 of 2nd period - Leo Komarov wins face-off versus Tomas Hertl in Avalanche zone.
3:36 of 2nd period - Shot by Lee Stempniak.
3:36 of 2nd period - Shot Misses the Net.
3:45 of 2nd period - Shot by Tomas Hertl.
3:45 of 2nd period - Stopped by Frederik Andersen with a rebound.
3:47 of 2nd period - Shot by Brandon Carlo.
3:47 of 2nd period - Shot Misses the Net.
3:49 of 2nd period - Shot by Brandon Carlo.
3:49 of 2nd period - Stopped by Frederik Andersen without a rebound.
3:50 of 2nd period - Derek Stepan wins face-off versus Bryan Little in Hurricanes zone.
3:51 of 2nd period - Shot by Alexander Steen.
3:51 of 2nd period - Stopped by Frederik Andersen with a rebound.
4:28 of 2nd period - Alexander Steen is hit by Keith Yandle and loses puck.
4:53 of 2nd period - Shot by Zach Parise.
4:53 of 2nd period - Stopped by Jimmy Howard without a rebound.
4:54 of 2nd period - Tomas Hertl wins face-off versus Leo Komarov in Avalanche zone.
5:16 of 2nd period - Shot by Max Domi.
5:16 of 2nd period - Shot Blocked by Brian Dumoulin.
5:52 of 2nd period - Shot by Martin Hanzal.
5:52 of 2nd period - Shot Blocked by Brett Pesce.
5:54 of 2nd period - Shot by Jeff Skinner.
5:54 of 2nd period - Stopped by Frederik Andersen with a rebound.
5:56 of 2nd period - Shot by Martin Hanzal.
5:56 of 2nd period - Deflect By Jeff Skinner.
5:56 of 2nd period - Goal by Jeff Skinner - Hurricanes : 0 - Avalanche : 2.
5:57 of 2nd period - Derek Ryan wins face-off versus Derek Stepan in neutral zone.
5:59 of 2nd period - Off-side.
6:00 of 2nd period - Derek Stepan wins face-off versus Bryan Little in neutral zone.
6:16 of 2nd period - Minor Penalty to Patrick Wiercioch for Slashing.
6:17 of 2nd period - Martin Hanzal wins face-off versus Bryan Little in Hurricanes zone.
6:18 of 2nd period - Shot by Zach Werenski.
6:18 of 2nd period - Stopped by Frederik Andersen without a rebound.
6:19 of 2nd period - Derek Stepan wins face-off versus Bryan Little in Hurricanes zone.
6:26 of 2nd period - Shot by Mats Zuccarello.
6:26 of 2nd period - Stopped by Frederik Andersen without a rebound.
6:27 of 2nd period - Derek Stepan wins face-off versus Bryan Little in Hurricanes zone.
6:31 of 2nd period - Mats Zuccarello is hit by Jon Merrill and loses puck.
6:56 of 2nd period - Shot by Derek Stepan.
6:56 of 2nd period - Shot Hit the Post.
6:58 of 2nd period - Shot by Mats Zuccarello.
6:58 of 2nd period - Shot Misses the Net.
7:00 of 2nd period - Shot by Zach Werenski.
7:00 of 2nd period - Stopped by Frederik Andersen with a rebound.
7:02 of 2nd period - Shot by Sami Vatanen.
7:02 of 2nd period - Stopped by Frederik Andersen without a rebound.
7:03 of 2nd period - Martin Hanzal wins face-off versus Leo Komarov in Hurricanes zone.
7:12 of 2nd period - Shot by Mitch Marner.
7:12 of 2nd period - Deflect By Jeff Skinner.
7:12 of 2nd period - Stopped by Frederik Andersen without a rebound.
7:13 of 2nd period - Bryan Little wins face-off versus Martin Hanzal in Hurricanes zone.
7:44 of 2nd period - Shot by Martin Hanzal.
7:44 of 2nd period - Deflect By Jeff Skinner.
7:44 of 2nd period - Stopped by Frederik Andersen without a rebound.
7:45 of 2nd period - Bryan Little wins face-off versus Derek Stepan in Hurricanes zone.
8:18 of 2nd period - Icing by Patrick Wiercioch.
8:19 of 2nd period - Leo Komarov wins face-off versus Tomas Hertl in Hurricanes zone.
8:19 of 2nd period - Zach Parise is hit by Dylan Larkin and loses puck.
8:29 of 2nd period - Minor Penalty to Brandon Carlo for Tripping.
8:30 of 2nd period - Leo Komarov wins face-off versus Chris Tierney in Avalanche zone.
8:39 of 2nd period - Shot by Keith Yandle.
8:39 of 2nd period - Stopped by Jimmy Howard without a rebound.
8:40 of 2nd period - Zach Parise wins face-off versus Chris Tierney in Avalanche zone.
8:59 of 2nd period - Shot by Brian Dumoulin.
8:59 of 2nd period - Goal by Brian Dumoulin - Hurricanes : 1 - Avalanche : 2.
9:00 of 2nd period - Bryan Little wins face-off versus Martin Hanzal in neutral zone.
9:05 of 2nd period - Shot by Bryan Little.
9:05 of 2nd period - Stopped by Jimmy Howard without a rebound.
9:06 of 2nd period - Bryan Little wins face-off versus Martin Hanzal in Avalanche zone.
9:09 of 2nd period - Shot by Michael Frolik.
9:09 of 2nd period - Stopped by Jimmy Howard with a rebound.
9:11 of 2nd period - Shot by Keith Yandle.
9:11 of 2nd period - Shot Misses the Net.
9:35 of 2nd period - Shot by Michael Frolik.
9:35 of 2nd period - Shot Misses the Net.
9:40 of 2nd period - Icing by Brandon Carlo.
9:41 of 2nd period - Leo Komarov wins face-off versus Martin Hanzal in Avalanche zone.
9:46 of 2nd period - Shot by Lee Stempniak.
9:46 of 2nd period - Shot Misses the Net.
9:48 of 2nd period - Shot by Brian Dumoulin.
9:48 of 2nd period - Shot Misses the Net.
9:50 of 2nd period - Shot by Zach Parise.
9:50 of 2nd period - Shot Misses the Net.
11:35 of 2nd period - Off-side.
11:36 of 2nd period - Matt Cullen wins face-off versus Bryan Little in neutral zone.
12:10 of 2nd period - Jaccob Slavin is hit by Marcus Foligno and loses puck.
12:41 of 2nd period - Shot by Mats Zuccarello.
12:41 of 2nd period - Stopped by Frederik Andersen with a rebound.
12:43 of 2nd period - Shot by Alexander Steen.
12:43 of 2nd period - Shot Misses the Net.
12:51 of 2nd period - Shot by Derek Stepan.
12:51 of 2nd period - Shot Misses the Net.
12:53 of 2nd period - Shot by Alexander Steen.
12:53 of 2nd period - Deflect By Derek Stepan.
12:53 of 2nd period - Shot Misses the Net.
12:55 of 2nd period - Shot by Alexander Steen.
12:55 of 2nd period - Shot Misses the Net.
12:57 of 2nd period - Shot by Kevin Shattenkirk.
12:57 of 2nd period - Shot Blocked by Brian Dumoulin.
12:59 of 2nd period - Shot by Derek Stepan.
12:59 of 2nd period - Goal by Derek Stepan - Hurricanes : 1 - Avalanche : 3.
13:00 of 2nd period - Derek Ryan wins face-off versus Martin Hanzal in neutral zone.
13:55 of 2nd period - Shot by Max Domi.
13:55 of 2nd period - Shot Misses the Net.
13:57 of 2nd period - Shot by Tomas Hertl.
13:57 of 2nd period - Shot Blocked by Patrick Wiercioch.
13:59 of 2nd period - Shot by Brandon Carlo.
13:59 of 2nd period - Shot Misses the Net.
14:01 of 2nd period - Shot by Tomas Hertl.
14:01 of 2nd period - Stopped by Frederik Andersen without a rebound.
14:02 of 2nd period - Derek Stepan wins face-off versus Michael Frolik in Hurricanes zone.
14:21 of 2nd period - Off-side.
14:22 of 2nd period - Leo Komarov wins face-off versus Tomas Hertl in neutral zone.
14:44 of 2nd period - Icing by Tomas Hertl.
14:45 of 2nd period - Bryan Little wins face-off versus Tomas Hertl in Avalanche zone.
15:05 of 2nd period - Shot by Max Domi.
15:05 of 2nd period - Shot Blocked by Jon Merrill.
15:36 of 2nd period - Icing by Keith Yandle.
15:37 of 2nd period - Bryan Little wins face-off versus Martin Hanzal in Hurricanes zone.
15:53 of 2nd period - Shot by Jeff Skinner.
15:53 of 2nd period - Stopped by Frederik Andersen without a rebound.
15:54 of 2nd period - Derek Stepan wins face-off versus Leo Komarov in Hurricanes zone.
16:14 of 2nd period - Off-side.
16:15 of 2nd period - Derek Ryan wins face-off versus Martin Hanzal in neutral zone.
16:52 of 2nd period - Icing by Anthony Bitetto.
16:53 of 2nd period - Derek Ryan wins face-off versus Derek Stepan in Hurricanes zone.
16:53 of 2nd period - Alex Chiasson is hit by Alexander Steen and loses puck.
16:57 of 2nd period - Minor Penalty to Derek Stepan for Holding.
16:58 of 2nd period - Bryan Little wins face-off versus Chris Tierney in Avalanche zone.
17:05 of 2nd period - Shot by Nick Foligno.
17:05 of 2nd period - Shot Misses the Net.
17:07 of 2nd period - Shot by Brian Dumoulin.
17:07 of 2nd period - Stopped by Jimmy Howard without a rebound.
17:08 of 2nd period - Leo Komarov wins face-off versus Chris Tierney in Avalanche zone.
17:11 of 2nd period - Shot by Brett Pesce.
17:11 of 2nd period - Shot Blocked by Jaccob Slavin.
17:13 of 2nd period - Shot by Brett Pesce.
17:13 of 2nd period - Shot Misses the Net.
17:19 of 2nd period - Shot by Leo Komarov.
17:19 of 2nd period - Shot Misses the Net.
17:21 of 2nd period - Shot by Brian Dumoulin.
17:21 of 2nd period - Stopped by Jimmy Howard without a rebound.
17:22 of 2nd period - Chris Tierney wins face-off versus Bryan Little in Avalanche zone.
19:10 of 2nd period - Shot by Derek Ryan.
19:10 of 2nd period - Shot Misses the Net.
19:12 of 2nd period - Shot by Jon Merrill.
19:12 of 2nd period - Shot Misses the Net.
19:28 of 2nd period - Shot by Derek Ryan.
19:28 of 2nd period - Shot Misses the Net.
19:38 of 2nd period - Shot by Marcus Foligno.
19:38 of 2nd period - Stopped by Jimmy Howard without a rebound.
19:39 of 2nd period - Tomas Hertl wins face-off versus Bryan Little in Avalanche zone.
19:39 of 2nd period - Tomas Hertl is hit by Nick Foligno.
19:44 of 2nd period - Jaccob Slavin is hit by Michael Frolik and loses puck.
19:59 of 2nd period - Dylan Larkin is hit by Patrick Wiercioch and loses puck.
Goals for this period are 1 for Hurricanes vs 3 for Avalanche.
Shots for this period are 11 for Hurricanes vs 17 for Avalanche.

3rd period


0:01 of 3rd period - Derek Stepan wins face-off versus Bryan Little in neutral zone.
0:05 of 3rd period - Off-side.
0:06 of 3rd period - Nick Foligno wins face-off versus Derek Stepan in neutral zone.
0:22 of 3rd period - Nick Foligno is hit by Brandon Carlo and loses puck.
0:34 of 3rd period - Icing by Keith Yandle.
0:35 of 3rd period - Martin Hanzal wins face-off versus Bryan Little in Hurricanes zone.
0:48 of 3rd period - Off-side.
0:49 of 3rd period - Leo Komarov wins face-off versus Max Domi in neutral zone.
0:59 of 3rd period - Lee Stempniak is hit by Sami Vatanen and loses puck.
1:09 of 3rd period - Shot by Lee Stempniak.
1:09 of 3rd period - Stopped by Jimmy Howard without a rebound.
1:09 of 3rd period - Minor Penalty to Sami Vatanen for Hooking.
1:10 of 3rd period - Chris Tierney wins face-off versus Bryan Little in Avalanche zone.
1:10 of 3rd period - Chris Tierney is hit by Nick Foligno.
1:36 of 3rd period - Shot by Bryan Little.
1:36 of 3rd period - Stopped by Jimmy Howard without a rebound.
1:37 of 3rd period - Chris Tierney wins face-off versus Leo Komarov in Avalanche zone.
1:58 of 3rd period - Shot by Lee Stempniak.
1:58 of 3rd period - Shot Blocked by Brandon Carlo.
2:00 of 3rd period - Shot by Brian Dumoulin.
2:00 of 3rd period - Shot Blocked by Brandon Carlo.
2:02 of 3rd period - Shot by Lee Stempniak.
2:02 of 3rd period - Stopped by Jimmy Howard without a rebound.
2:03 of 3rd period - Bryan Little wins face-off versus Tomas Hertl in Avalanche zone.
2:12 of 3rd period - Shot by Keith Yandle.
2:12 of 3rd period - Stopped by Jimmy Howard with a rebound.
2:24 of 3rd period - Shot by Bryan Little.
2:24 of 3rd period - Stopped by Jimmy Howard without a rebound.
2:25 of 3rd period - Leo Komarov wins face-off versus Chris Tierney in Avalanche zone.
2:34 of 3rd period - Shot by Leo Komarov.
2:34 of 3rd period - Shot Misses the Net.
2:36 of 3rd period - Shot by Brett Pesce.
2:36 of 3rd period - Stopped by Jimmy Howard with a rebound.
2:38 of 3rd period - Shot by Leo Komarov.
2:38 of 3rd period - Stopped by Jimmy Howard without a rebound.
2:39 of 3rd period - Chris Tierney wins face-off versus Bryan Little in Avalanche zone.
2:49 of 3rd period - Shot by Michael Frolik.
2:49 of 3rd period - Stopped by Jimmy Howard without a rebound.
2:50 of 3rd period - Leo Komarov wins face-off versus Chris Tierney in Avalanche zone.
2:53 of 3rd period - Shot by Zach Parise.
2:53 of 3rd period - Stopped by Jimmy Howard without a rebound.
2:54 of 3rd period - Bryan Little wins face-off versus Chris Tierney in Avalanche zone.
3:09 of 3rd period - Alexandre Burrows is hit by Leo Komarov and loses puck.
3:20 of 3rd period - Shot by Leo Komarov.
3:20 of 3rd period - Shot Misses the Net.
3:29 of 3rd period - Mitch Marner is hit by Lee Stempniak and loses puck.
3:36 of 3rd period - Shot by Leo Komarov.
3:36 of 3rd period - Shot Blocked by Sami Vatanen.
3:42 of 3rd period - Shot by Leo Komarov.
3:42 of 3rd period - Deflect By Lee Stempniak.
3:42 of 3rd period - Stopped by Jimmy Howard without a rebound.
3:43 of 3rd period - Bryan Little wins face-off versus Derek Stepan in Avalanche zone.
3:50 of 3rd period - Shot by Nick Foligno.
3:50 of 3rd period - Shot Misses the Net.
3:52 of 3rd period - Shot by Bryan Little.
3:52 of 3rd period - Shot Misses the Net.
3:54 of 3rd period - Shot by Jon Merrill.
3:54 of 3rd period - Goal by Jon Merrill - Hurricanes : 2 - Avalanche : 3.
3:55 of 3rd period - Tomas Hertl wins face-off versus Brad Richardson in neutral zone.
4:01 of 3rd period - Shot by Tomas Hertl.
4:01 of 3rd period - Shot Blocked by Anthony Bitetto.
4:03 of 3rd period - Shot by Deryk Engelland.
4:03 of 3rd period - Stopped by Frederik Andersen with a rebound.
4:05 of 3rd period - Shot by Kevin Shattenkirk.
4:05 of 3rd period - Shot Misses the Net.
4:26 of 3rd period - Off-side.
4:27 of 3rd period - Derek Stepan wins face-off versus Bryan Little in neutral zone.
4:56 of 3rd period - Shot by Derek Stepan.
4:56 of 3rd period - Stopped by Frederik Andersen with a rebound.
5:38 of 3rd period - Shot by Zach Parise.
5:38 of 3rd period - Shot Misses the Net.
5:40 of 3rd period - Shot by Leo Komarov.
5:40 of 3rd period - Shot Misses the Net.
5:42 of 3rd period - Shot by Lee Stempniak.
5:42 of 3rd period - Shot Blocked by Sami Vatanen.
5:50 of 3rd period - Shot by Zach Parise.
5:50 of 3rd period - Shot Misses the Net.
5:52 of 3rd period - Shot by Brett Pesce.
5:52 of 3rd period - Shot Blocked by Zach Werenski.
5:54 of 3rd period - Shot by Leo Komarov.
5:54 of 3rd period - Shot Misses the Net.
5:56 of 3rd period - Shot by Zach Parise.
5:56 of 3rd period - Deflect By Leo Komarov.
5:56 of 3rd period - Stopped by Jimmy Howard without a rebound.
5:57 of 3rd period - Matt Cullen wins face-off versus Derek Ryan in Avalanche zone.
5:57 of 3rd period - Matt Cullen is hit by Derek Ryan.
6:13 of 3rd period - Shot by Derek Ryan.
6:13 of 3rd period - Stopped by Jimmy Howard without a rebound.
6:14 of 3rd period - Bryan Little wins face-off versus Derek Stepan in Avalanche zone.
6:15 of 3rd period - Shot by Keith Yandle.
6:15 of 3rd period - Stopped by Jimmy Howard without a rebound.
6:16 of 3rd period - Alexander Steen wins face-off versus Derek Ryan in Avalanche zone.
7:03 of 3rd period - Minor Penalty to Martin Hanzal for Hooking.
7:04 of 3rd period - Chris Tierney wins face-off versus Bryan Little in Avalanche zone.
7:04 of 3rd period - Chris Tierney is hit by Nick Foligno.
7:18 of 3rd period - Icing by Michael Frolik.
7:19 of 3rd period - Bryan Little wins face-off versus Chris Tierney in Hurricanes zone.
8:59 of 3rd period - Shot by Keith Yandle.
8:59 of 3rd period - Stopped by Jimmy Howard with a rebound.
9:01 of 3rd period - Shot by Michael Frolik.
9:01 of 3rd period - Deflect By Nick Foligno.
9:01 of 3rd period - Shot Blocked by Zach Werenski.
9:03 of 3rd period - Shot by Bryan Little.
9:03 of 3rd period - Shot Misses the Net.
9:11 of 3rd period - Shot by Jeff Skinner.
9:11 of 3rd period - Stopped by Frederik Andersen without a rebound.
9:12 of 3rd period - Martin Hanzal wins face-off versus Derek Ryan in Hurricanes zone.
9:37 of 3rd period - Shot by Brad Richardson.
9:37 of 3rd period - Shot Misses the Net.
10:06 of 3rd period - Icing by Mats Zuccarello.
10:07 of 3rd period - Leo Komarov wins face-off versus Derek Stepan in Avalanche zone.
10:11 of 3rd period - Icing by Brandon Carlo.
10:12 of 3rd period - Leo Komarov wins face-off versus Derek Stepan in Avalanche zone.
10:29 of 3rd period - Brandon Carlo is hit by Patrick Wiercioch and loses puck.
10:40 of 3rd period - Shot by Mats Zuccarello.
10:40 of 3rd period - Stopped by Frederik Andersen with a rebound.
11:06 of 3rd period - Shot by Michael Frolik.
11:06 of 3rd period - Deflect By Bryan Little.
11:06 of 3rd period - Stopped by Jimmy Howard without a rebound.
11:07 of 3rd period - Martin Hanzal wins face-off versus Bryan Little in Avalanche zone.
11:22 of 3rd period - Shot by Jeff Skinner.
11:22 of 3rd period - Deflect By Martin Hanzal.
11:22 of 3rd period - Stopped by Frederik Andersen without a rebound.
11:23 of 3rd period - Tomas Hertl wins face-off versus Derek Ryan in Hurricanes zone.
11:31 of 3rd period - Minor Penalty to Keith Yandle for Elbowing.
11:32 of 3rd period - Bryan Little wins face-off versus Martin Hanzal in Hurricanes zone.
12:32 of 3rd period - Shot by Kevin Shattenkirk.
12:32 of 3rd period - Stopped by Frederik Andersen without a rebound.
12:33 of 3rd period - Bryan Little wins face-off versus Derek Stepan in Hurricanes zone.
13:38 of 3rd period - Shot by Alex Chiasson.
13:38 of 3rd period - Shot Blocked by Jaccob Slavin.
14:00 of 3rd period - Shot by Tomas Hertl.
14:00 of 3rd period - Stopped by Frederik Andersen with a rebound.
14:37 of 3rd period - Icing by Derek Ryan.
14:38 of 3rd period - Martin Hanzal wins face-off versus Derek Ryan in Hurricanes zone.
15:15 of 3rd period - Off-side.
15:16 of 3rd period - Derek Stepan wins face-off versus Leo Komarov in neutral zone.
15:24 of 3rd period - Alexander Steen is hit by Anthony Bitetto and loses puck.
15:49 of 3rd period - Shot by Alexander Steen.
15:49 of 3rd period - Shot Blocked by Patrick Wiercioch.
15:51 of 3rd period - Shot by Brandon Carlo.
15:51 of 3rd period - Shot Misses the Net.
15:53 of 3rd period - Shot by Brandon Carlo.
15:53 of 3rd period - Goal by Brandon Carlo - Hurricanes : 2 - Avalanche : 4.
15:54 of 3rd period - Tomas Hertl wins face-off versus Bryan Little in neutral zone.
15:56 of 3rd period - Kevin Shattenkirk is hit by Nick Foligno and loses puck.
16:03 of 3rd period - Nick Foligno is hit by Tomas Hertl and loses puck.
16:18 of 3rd period - Deryk Engelland is hit by Nick Foligno and loses puck.
17:01 of 3rd period - Shot by Leo Komarov.
17:01 of 3rd period - Shot Misses the Net.
17:03 of 3rd period - Shot by Zach Parise.
17:03 of 3rd period - Stopped by Jimmy Howard without a rebound.
17:04 of 3rd period - Derek Stepan wins face-off versus Derek Ryan in Avalanche zone.
17:19 of 3rd period - Shot by Alexander Steen.
17:19 of 3rd period - Stopped by Frederik Andersen without a rebound.
17:20 of 3rd period - Matt Cullen wins face-off versus Leo Komarov in Hurricanes zone.
17:23 of 3rd period - Shot by Alexandre Burrows.
17:23 of 3rd period - Stopped by Frederik Andersen with a rebound.
17:25 of 3rd period - Shot by Matt Cullen.
17:25 of 3rd period - Stopped by Frederik Andersen without a rebound.
17:26 of 3rd period - Mitch Marner wins face-off versus Nick Foligno in Hurricanes zone.
17:31 of 3rd period - Shot by Mitch Marner.
17:31 of 3rd period - Shot Misses the Net.
18:34 of 3rd period - Shot by Lee Stempniak.
18:34 of 3rd period - Shot Blocked by Kevin Shattenkirk.
18:56 of 3rd period - Shot by Mats Zuccarello.
18:56 of 3rd period - Stopped by Frederik Andersen with a rebound.
18:58 of 3rd period - Shot by Jaccob Slavin.
18:58 of 3rd period - Shot Blocked by Jon Merrill.
19:22 of 3rd period - Shot by Mats Zuccarello.
19:22 of 3rd period - Shot Misses the Net.
19:24 of 3rd period - Shot by Brandon Carlo.
19:24 of 3rd period - Goal by Brandon Carlo - Hurricanes : 2 - Avalanche : 5.
19:25 of 3rd period - Bryan Little wins face-off versus Tomas Hertl in neutral zone.
19:27 of 3rd period - Michael Frolik is hit by Sami Vatanen and loses puck.
19:45 of 3rd period - Bryan Little is hit by Zach Werenski.
Goals for this period are 1 for Hurricanes vs 2 for Avalanche.
Shots for this period are 17 for Hurricanes vs 13 for Avalanche.